 Dungeon Crawl Stone Soup version 0.31.0-12-g77e489cdc1 (webtiles) character file.

Game seed: 11969312983900521207

126 Killerpretzel the Changeling (level 5, -1/34 HPs)
             Began as an Octopode Shapeshifter on Mar 2, 2024.
             Slain by a goblin
             ... wielding a +0 dagger
              (3 damage)
             ... on level 3 of the Dungeon.
             The game lasted 00:01:14 (1894 turns).

Killerpretzel the Changeling (OpSh)                 Turns: 1894, Time: 00:01:14

Health: -1/34      AC:  1    Str: 13    XL:     5   Next: 9%
Magic:  5/5        EV: 13    Int: 12    God:
Gold:   145        SH:  0    Dex: 14    Spells: 4/4 levels left

rFire   . .          .
                       - Unarmed
rCold   . . .        (no shield)
rNeg    . . .        (helmet currently unavailable)
rPois   .            (no amulet)
rElec   .            (no ring)
rCorr   .            (no ring)
SInv    .            (no ring)
Will    .....        (no ring)
Stlth   ++           (no ring)
HPRegen 0.25/turn    (no ring)
MPRegen 0.09/turn    (no ring)
                     (no ring)

%: no passive effects
@: confused, beast-form
A: beast (slay +2), almost no armour, amphibious, 8 rings, camouflage 1,
gelatinous body 1, (nimble swimmer 1), tentacles
a: Begin Untransformation


You were on level 3 of the Dungeon.
You were a hulking beast.
You visited 1 branch of the dungeon, and saw 3 of its levels.

You collected 145 gold pieces.

Inventory:

Talismans
 b - a beast talisman
 c - a flux talisman
Potions
 a - 2 potions of lignification
 d - 2 potions of haste {unknown}
 e - 2 potions of brilliance
 f - a potion of might {unknown}
 i - a potion of curing {unknown}


   Skills:
 + Level 2.2 Fighting
 + Level 2.8 Dodging
 + Level 3.6 Unarmed Combat
 * Level 4.0 Shapeshifting


You had 4 spell levels left.
You didn't know any spells.
Your spell library was empty.

Dungeon Overview and Level Annotations

Branches:
Dungeon (3/15)

Altars:

Shops:
D:3 (


Innate Abilities, Weirdness & Mutations

You are a hulking beast.
Your limbs bulge with bestial killing power. (Slay +2)
You cannot wear most types of armour.
You are amphibious.
You can wear up to eight rings at the same time.
Your skin changes colour to match your surroundings (Stealth+).
Your rubbery body absorbs attacks. (AC +1, EV +1)
((You are camouflaged when in or above water. (Stealth+)))
You have tentacles for arms and can constrict up to eight enemies at once.


Message History

You closely miss the ball python. Your grab misses the ball python.
The ball python bites you but does no damage.
The ball python constricts you. Something hits you. The rat bites you.
You are too injured to fight recklessly!
You are too injured to fight recklessly!
You are too injured to fight recklessly!
You are too injured to fight recklessly!
You are too injured to fight recklessly!
You are too injured to fight recklessly!
You are too injured to fight recklessly!
You are too injured to fight recklessly!
You are too injured to fight recklessly!
There are monsters nearby!
You barely miss the rat. Your grab misses the rat. You squeeze the rat.
You kill the rat!
The ball python bites you. The ball python constricts you.
A goblin comes into view. It is wielding a +0 dagger.
Something hits you.
The goblin shouts!
You tentacle-slap the ball python.
You kill the ball python!
You hear some strange, mumbled words.
You are confused.
You see here a ball python corpse.
You miss something. Something hits you.
You're too confused to move!
Something hits you. The orc closely misses you.
You hear some strange, mumbled words.
You are more confused.
You tentacle-slap the orc.
The orc is severely wounded.
The orc misses you. Something hits you.
* * * LOW HITPOINT WARNING * * *
You tentacle-slap the orc.
You kill the orc!
Something hits you.
* * * LOW HITPOINT WARNING * * *
You completely miss something. The goblin hits you with a +0 dagger.
* * * LOW HITPOINT WARNING * * *
The goblin hits you with a +0 dagger.
You die...

...........( #..#..## #.
........... .###.##.## #.
..#.###.... .....(..## #.
....#∩+... ##.......# #.
....###..####...##...# ##
.......))##.....##..)# ##.
..>......#...##......# #..
(......)...#.###.....###..
........gh.......#........
................##...####.
................##...# ##
....##...............# #
.....................#
##.............###.###
...............# ..#
..............# ##
...........


You could see a goblin.

Vanquished Creatures
  5 adders
  2 dart slugs (D:2)
  4 ribbon worms (D:2)
  4 orcs (D:3)
  7 bats
  3 endoplasms
  3 giant cockroaches
  6 goblins
  4 hobgoblins
  7 jackals
  4 kobolds (D:1)
  3 quokkas (D:1)
  2 ball pythons
  3 frilled lizards
  2 rats
59 creatures vanquished.

Notes
Turn   | Place    | Note
-------+----------+-------------------------------------------
     0 | D:1      | Killerpretzel the Octopode Shapeshifter began the quest for
                  | the Orb.
     0 | D:1      | Reached XP level 1. HP: 13/13 MP: 1/1
    73 | D:1      | Reached XP level 2. HP: 12/18 MP: 2/2
   567 | D:1      | Reached XP level 3. HP: 23/23 MP: 3/3
  1020 | D:2      | Reached XP level 4. HP: 26/29 MP: 4/4
  1872 | D:3      | Found Jaos's Antique Weapon Emporium.
  1884 | D:3      | Reached skill level 4 in Shapeshifting
  1884 | D:3      | Reached XP level 5. HP: 27/34 MP: 5/5
  1894 | D:3      | Slain by a goblin

Illustrated notes

Levels and vault maps discovered:
D:1:      lemuel_arrival_room, layout_loops_ring,
          nicolae_concentric_dashed_squares_wild
D:2:      layout_basic, chequers_mini_garden
D:3:      layout_rooms, serial_shops, nicolae_shop_tiny_glass,
          chequers_serial_rivers_small_b

Skill      XL: |  1  2  3  4 |
---------------+-------------+-----
Fighting       | 2 |  2.2
Shapeshifting  | 4 |  4.0
Dodging        | |  2.8
Unarmed Combat | |  3.6

Action                     |  1- 3 |  4- 6 || total
---------------------------+-------+-------++-------
  Melee: Unarmed           |    57 |    61 ||   118
         Constrict         |    19 |    16 ||    35
         Tentacles         |    14 |    15 ||    29
         Punch             |     1 |     1 ||     2
    Use: Scroll            |     1 |     4 ||     5
   Stab: Sleeping          |     7 |     5 ||    12
 Armour: Skin              |    20 |    28 ||    48
  Dodge: Dodged            |    27 |    32 ||    59
